Map: Eflorescencia EE

Players

FaraonCaleb - Winner!

  • Race: Protoss Protoss
  • League: Gold

DanZ - Winner!

  • Race: Protoss Protoss

PeterCZM

  • Race: Zerg Zerg
  • League: Gold

tona

  • Race: Terran Terran
  • League: Master

VOD

Have the link to the VOD?

Description

Time

  • Played on: Aug. 27, 2021, 12:02 a.m.
  • Length: 11:22
Show
View Real Time Build Order
Export as new Build Order

FaraonCaleb Protoss - Winner!

Build Orders: Oracle Opening 

Get SALT Encoding   

  12  0:00  Probe  
  13  0:12  Probe  
  14  0:20  Pylon  
  14  0:24  Probe  
  15  0:38  Probe  
  15  0:40  Gateway  
  16  0:49  Assimilator  
  16  0:50  Probe (Chrono Boost)  
  17  0:59  Probe (Chrono Boost)  
  18  1:04  Probe (Chrono Boost)  
  19  1:17  Probe  
  20  1:30  Gateway  
  20  1:31  Probe  
  21  1:35  Pylon  
  21  1:43  Probe  
  21  1:55  Nexus  
  21  1:56  Probe  
  22  2:04  Assimilator  
  22  2:08  Probe  
  23  2:26  Probe, Cybernetics Core  
  26  2:37  Zealot x2  
  26  2:38  Probe  
  26  2:42  Pylon  
  29  2:51  Probe  
  30  2:53  Pylon  
  30  3:03  Warp Gate (Chrono Boost)  
  30  3:05  Stargate  
  30  3:18  Probe (Chrono Boost)  
  31  3:26  Stalker  
  34  3:28  Probe (Chrono Boost)  
  34  3:33  Probe (Chrono Boost), Stalker  
  37  3:44  Probe  
  34  3:52  Oracle (Chrono Boost)  
  37  3:56  Zealot  
  37  3:58  Probe  
  37  4:02  Assimilator  
  40  4:03  Zealot  
  42  4:10  Probe  
  43  4:22  Probe, Oracle (Chrono Boost)  
  51  4:34  Probe  
  48  4:46  Probe  
  48  4:49  Gateway  
  48  4:51  Gateway  
  49  4:54  Gateway  
  49  5:00  Pylon  
  49  5:05  Void Ray  
  49  5:08  Stalker x2  
  49  5:14  Probe  
  58  5:18  Probe  
  59  5:26  Probe  
  60  5:31  Probe, Pylon  
  61  5:38  Probe  
  62  6:11  Stalker x2  
  64  6:17  Robotics Facility  
  66  6:19  Stalker  
  66  6:20  Stalker x2  
  66  6:25  Void Ray (Chrono Boost)  
  72  6:28  Twilight Council  
  72  6:36  Shield Battery  
  76  6:41  Probe, Assimilator  
  77  6:52  Protoss Air Weapons Level 1  
  77  6:53  Probe (Chrono Boost)  
  78  6:59  Nexus  
  78  7:01  Pylon  
  78  7:05  Pylon  
  78  7:09  Pylon  
  78  7:13  Void Ray  
  78  7:19  Immortal (Chrono Boost)  
  78  7:22  Probe  
  87  7:33  Stalker x2  
  87  7:34  Probe  
  92  7:46  Probe  
  92  7:50  Observer (Chrono Boost)  
  94  7:58  Probe  
  95  8:17  Probe  
  96  8:21  Shield Battery  
  96  8:22  Probe x2  
  96  8:25  Shield Battery, Stalker x3  
  96  8:26  Stalker  
  106  8:28  Observer (Chrono Boost)  
  106  8:29  Probe  
  108  8:34  Probe  
  108  8:35  Probe  
  108  8:41  Probe, Immortal (Chrono Boost)  
  111  8:44  Templar Archives, Charge (Chrono Boost)  
  111  8:46  Probe  
  111  8:47  Robotics Bay  
  116  8:50  Robotics Facility  
  116  8:52  Probe  
  117  8:55  Assimilator  
  117  8:59  Assimilator  
  117  9:00  Probe x2  
  116  9:05  Probe  
  117  9:34  Stargate  
  117  9:35  Stargate  
  117  9:50  Pylon  
  117  9:52  Pylon  
  117  9:53  Pylon  
  117  9:55  Pylon  
  117  10:08  Probe  
  116  10:20  Probe  
  114  10:33  Probe  
  115  10:39  Forge  
  115  10:42  Forge  
  109  10:45  Probe, Zealot x5  
  112  11:13  Zealot x2  
  112  11:14  Zealot x3  
Show
View Real Time Build Order
Export as new Build Order

DanZ Protoss - Winner!

Build Orders: 1 Gate Expand, Double Forge 

Get SALT Encoding   

  12  0:00  Probe (Chrono Boost)  
  13  0:11  Probe (Chrono Boost)  
  14  0:20  Pylon  
  14  0:23  Probe  
  15  0:38  Probe  
  16  0:43  Gateway  
  16  0:50  Probe  
  16  0:52  Assimilator  
  17  1:12  Probe  
  18  1:24  Nexus, Probe  
  19  1:32  Pylon  
  19  1:36  Probe  
  20  1:48  Probe  
  20  1:56  Cybernetics Core  
  20  2:00  Probe  
  21  2:02  Assimilator  
  21  2:12  Probe  
  21  2:13  Pylon  
  22  2:25  Probe  
  22  2:27  Gateway  
  23  2:31  Warp Gate (Chrono Boost)  
  23  2:32  Gateway  
  23  2:43  Probe (Chrono Boost)  
  24  2:44  Probe (Chrono Boost)  
  25  2:53  Probe (Chrono Boost)  
  25  2:55  Probe (Chrono Boost)  
  27  2:58  Probe (Chrono Boost)  
  27  3:03  Forge  
  28  3:13  Probe  
  28  3:14  Forge  
  29  3:23  Probe  
  30  3:32  Twilight Council  
  30  3:34  Pylon  
  30  3:35  Probe  
  30  3:36  Probe  
  32  3:47  Probe (Chrono Boost)  
  33  3:50  Robotics Facility  
  33  3:51  Pylon  
  33  3:52  Probe (Chrono Boost)  
  34  3:59  Probe (Chrono Boost)  
  35  4:10  Probe  
  35  4:11  Stalker  
  35  4:12  Stalker, Pylon  
  41  4:17  Probe  
  41  4:18  Blink (Chrono Boost)  
  41  4:28  Stalker  
  41  4:29  Probe  
  44  4:41  Probe  
  44  4:43  Probe  
  46  4:49  Assimilator  
  46  4:53  Probe  
  46  4:55  Stargate, Probe  
  48  5:01  Assimilator  
  48  5:04  Stalker x2  
  48  5:05  Probe, Stalker  
  49  5:17  Probe  
  50  5:38  Protoss Ground Weapons Level 1 (Chrono Boost), Nexus  
  50  5:42  Pylon  
  50  5:44  Pylon  
  48  6:30  Stalker  
  48  6:31  Stalker x2  
  54  6:35  Probe  
  55  6:44  Immortal  
  59  6:50  Probe (Chrono Boost)  
  59  6:53  Probe (Chrono Boost)  
  61  6:55  Gateway  
  61  6:58  Gateway  
  62  7:01  Fleet Beacon  
  62  7:02  Probe (Chrono Boost)  
  62  7:07  Probe (Chrono Boost), Robotics Facility  
  63  7:21  Stalker x3  
  69  7:23  Immortal  
  73  7:33  Dark Shrine  
  67  7:54  Probe  
  65  8:06  Probe (Chrono Boost)  
  66  8:21  Probe (Chrono Boost)  
  66  8:27  Void Ray  
  66  8:30  Probe (Chrono Boost)  
  71  8:35  Probe (Chrono Boost)  
  71  8:38  Stalker x3  
  71  8:39  Stalker x2  
  82  8:43  Probe (Chrono Boost)  
  82  8:47  Assimilator  
  84  8:49  Probe (Chrono Boost)  
  84  8:52  Probe (Chrono Boost)  
  85  8:56  Pylon  
  85  8:57  Probe (Chrono Boost)  
  85  8:58  Pylon  
  85  9:00  Probe  
  87  9:04  Void Ray  
  87  9:09  Probe  
  88  9:12  Probe  
  93  9:21  Probe  
  94  9:25  Stalker x3  
  94  9:26  Stalker x2  
  97  9:41  Void Ray  
  97  9:45  Probe  
  98  9:51  Pylon  
  102  9:53  Pylon  
  102  9:55  Pylon  
  102  9:57  Probe  
  101  10:07  Zealot x4  
  101  10:08  Zealot  
Show
View Real Time Build Order
Export as new Build Order

PeterCZM Zerg 

Build Orders: Hatch First, Swarm Host 

Get SALT Encoding   

  12  0:00  Drone  
  13  0:08  Drone  
  14  0:22  Extractor  
  14  0:23  Drone  
  14  0:24  Drone, Extractor  
  16  0:47  Hatchery  
  15  1:00  Spawning Pool  
  14  1:06  Overlord  
  14  1:16  Extractor  
  13  1:18  Extractor  
  13  1:19  Drone x2  
  15  1:28  Drone  
  15  1:31  Drone  
  17  1:58  Zergling x4  
  17  1:59  Queen  
  21  2:26  Hatchery  
  21  2:27  Zergling x2  
  21  2:33  Drone  
  22  2:38  Spore Crawler  
  22  2:41  Drone  
  22  2:45  Drone  
  22  2:49  Drone  
  24  2:54  Zergling x2  
  24  2:58  Drone  
  26  3:02  Drone  
  27  3:06  Zergling x2  
  27  3:11  Overlord  
  28  3:21  Lair  
  28  3:31  Drone x3  
  31  3:36  Drone x2  
  31  3:41  Zergling x2  
  31  3:49  Drone x2  
  31  3:50  Drone  
  31  3:51  Drone  
  31  3:55  Extractor  
  34  3:57  Metabolic Boost  
  34  4:00  Drone  
  34  4:02  Drone  
  36  4:08  Drone x2  
  38  4:11  Spore Crawler  
  37  4:18  Spine Crawler  
  37  4:23  Drone  
  37  4:24  Drone x3  
  39  4:29  Overlord  
  40  4:39  Drone, Infestation Pit  
  40  4:40  Drone  
  41  4:48  Nydus Network  
  41  4:49  Overlord  
  40  4:55  Spore Crawler  
  39  5:03  Zergling x2  
  39  5:04  Zergling x10  
  44  5:14  Spine Crawler  
  44  5:19  Zergling x8, Spine Crawler  
  46  5:30  Drone  
  46  5:31  Drone x4  
  51  5:35  Queen  
  33  6:17  Spore Crawler  
  33  6:18  Drone x2  
  33  6:19  Drone x6  
  33  6:22  Spore Crawler  
  39  6:29  Extractor  
  38  6:43  Swarm Host x4  
  50  6:50  Spore Crawler  
  50  6:53  Drone  
  52  6:54  Drone x2  
  52  7:00  Nydus Canal  
  52  7:10  Hydralisk Den  
  52  7:13  Drone x2, Extractor  
  52  7:33  Swarm Host  
  52  7:35  Overlord x3  
  55  7:39  Nydus Canal  
  50  8:09  Swarm Host x3  
  58  8:17  Drone x6  
  64  8:21  Spore Crawler  
  64  8:22  Drone x3  
  64  8:26  Overseer  
  66  8:40  Pneumatized Carapace  
  66  8:50  Hydralisk  
  66  8:51  Hydralisk  
  70  9:01  Hydralisk x2  
  74  9:16  Overlord x4  
  74  9:30  Overlord  
  74  9:37  Hydralisk  
  74  9:38  Zergling x6  
  76  9:42  Drone x3  
  77  9:46  Nydus Canal  
  77  9:49  Zergling x6  
  80  10:00  Hatchery  
  79  10:11  Hydralisk x2  
  79  10:12  Hydralisk x2  
  84  10:34  Hydralisk  
  84  10:35  Hydralisk x2  
  89  10:45  Hydralisk  
  91  10:51  Overlord x2  
Show
View Real Time Build Order
Export as new Build Order

tona Terran 

Build Orders:  

Get SALT Encoding   

  12  0:14  Supply Depot  
  12  0:23  Supply Depot  
  12  0:41  Barracks  
  12  0:48  Supply Depot  
  12  1:09  Barracks  
  12  1:34  Refinery  
  12  1:37  Marine  
  13  1:46  Orbital Command  
  13  1:55  Marine  
  14  2:04  Marine  
  16  2:18  Barracks Tech Lab  
  16  2:21  Marine  
  16  2:23  Refinery  
  16  2:35  SCV  
  17  2:47  SCV  
  17  2:49  Combat Shield  
  18  2:59  SCV  
  19  3:12  SCV  
  20  3:19  Command Center  
  20  3:24  SCV  
  21  3:32  Barracks Reactor  
  21  3:36  SCV  
  22  4:03  Command Center  
  22  4:08  Stimpack  
  22  4:11  Marine x2  
  24  4:28  Marine  
  24  4:29  Marine  
  26  4:40  Orbital Command  
  26  5:07  Orbital Command  
  26  5:17  Orbital Command  
  26  5:20  Marine x2  
  26  5:21  Marine  
  29  5:27  Factory  
  29  5:30  Supply Depot  
  29  5:38  Marine x3  
  32  5:53  Supply Depot  
  32  6:48  Starport  
  32  6:58  Refinery  
  32  7:06  Marine  
  32  7:07  Marine x2  
  35  7:13  Command Center  
  35  7:14  SCV  
  36  7:24  Marine x2, Refinery  
  36  7:25  Marauder  
  36  7:27  SCV  
  41  7:36  Starport Tech Lab  
  41  7:39  SCV  
  41  7:42  Marine x2  
  44  7:47  Marauder  
  44  7:50  Fusion Core  
  44  7:51  SCV  
  47  8:00  Marine x2  
  47  8:03  SCV  
  50  8:08  Marauder  
  52  8:15  SCV  
  53  8:27  SCV  
  53  8:28  Orbital Command  
  53  8:29  Marauder  
  53  8:34  Command Center  
  56  8:39  SCV  
  56  8:40  Battlecruiser  
  60  9:44  Battlecruiser  
  66  9:51  Orbital Command  
  66  10:27  Marine x3  
  60  10:45  Marine x3  
  44  11:03  Marine x3  
Tags
 
Add a new tag
Caveats
  • Supply blocks, unpowered buildings, or Contaminate may cause inaccurate times.
  • Supply counts are checked every 10 seconds.